 Dungeon Crawl Stone Soup version 0.30-a0-219-gf2db51d15e (webtiles) character file.

Game seed: 16821483481922078934

113934 Sobieck the Imperceptible (level 17, 0/108 HPs)
             Began as a Kobold Gladiator on Oct 7, 2022.
             Was a Believer of Uskayaw.
             Killed from afar by a deep elf sorcerer (48 damage)
             ... with a bolt of acid
             ... on level 1 of the Elven Halls.
             The game lasted 00:51:14 (26212 turns).

Sobieck the Imperceptible (Kobold Gladiator)       Turns: 26212, Time: 00:51:15

Health: 0/108      AC: 14    Str: 17    XL:     17   Next: 19%
Magic:  0/24       EV: 32    Int: 10    God:    Uskayaw [**....]
Gold:   482        SH:  0    Dex: 33    Spells: 16/16 levels left

rFire   + . .      SeeInvis .    a - +6 rapier (spect) {short}
rCold   + . .      Faith    .    x - +2 buckler
rNeg    . . .      Spirit   +    D - +2 ring mail of Upsu {rElec Dex+3}
rPois   .          Reflect  .    S - +0 helmet "Kapno" {rF+ rC+ Str+6}
rElec   +          Harm     .    A - +0 cloak
rCorr   .          Rampage  .    p - +1 pair of gloves {hurl}
Will    +....                    z - +0 pair of boots {Stlth+}
Stlth   +++++.....               E - amulet of guardian spirit
HPRegen 0.38/turn                n - +4 ring of slaying
MPRegen 0.19/turn                I - +6 ring of dexterity

@: confused
A: small, no large weapons, nightstalker 3
a: Renounce Religion, Stomp, Line Pass


You were on level 1 of the Elven Halls.
You worshipped Uskayaw.
Uskayaw was aware of your devotion.
You visited 4 branches of the dungeon, and saw 23 of its levels.
You also visited: Ossuary.

You collected 2301 gold pieces.
You spent 1819 gold pieces at shops.


Innate Abilities, Weirdness & Mutations

You are small and have problems with some larger weapons.
You are completely attuned to the shadows.


   Skills:
 + Level 12.6 Fighting
 - Level 14.0 Short Blades
 - Level 2.1 Throwing
 - Level 6.0 Armour
 + Level 15.8 Dodging
 - Level 23.0 Stealth
 - Level 7.0 Shields
 - Level 10.0 Invocations


You had 16 spell levels left.
You didn't know any spells.
Your spell library contained the following spells:

 Spells                   Type           Power      Damage    Failure   Level
 Apportation              Tloc           0%         N/A       65%         1
 Freeze                   Ice            0%         1d3       65%         1
 Kiss of Death            Conj/Necr      0%         2d5       65%         1
 Necrotise                Necr           0%         1d4       65%         1
 Sandblast                Erth           0%         2d4       65%         1
 Sting                    Tmut/Pois      0%         1d3       65%         1
 Summon Small Mammal      Summ           0%         N/A       65%         1
 Blink                    Tloc           0%         N/A       80%         2
 Cigotuvi's Dreadful Rot  Necr/Pois/Air  0%         N/A       80%         2
 Passwall                 Tmut/Erth      0%         N/A       80%         2
 Poisonous Vapours        Pois/Air       0%         N/A       80%         2
 Sublimation of Blood     Necr           0%         N/A       80%         2
 Wereblood                Tmut           0%         N/A       80%         2
 Call Canine Familiar     Summ           0%         N/A       95%         3
 Frozen Ramparts          Ice            0%         1d1       95%         3
 Hailstorm                Conj/Ice       0%         3d3       95%         3
 Inner Flame              Hex/Fire       0%         N/A       95%         3
 Portal Projectile        Hex/Tloc       0%         N/A       95%         3
 Stone Arrow              Conj/Erth      0%         3d7       95%         3
 Summon Guardian Golem    Hex/Summ       0%         N/A       95%         3
 Tukima's Dance           Hex            0%         N/A       95%         3
 Vampiric Draining        Necr           0%         2d6       95%         3
 Anguish                  Hex/Necr       0%         N/A       100%        4
 Animate Armour           Summ/Erth      0%         N/A       100%        4
 Flame Wave               Conj/Fire      0%         2d4       100%        4
 Leda's Liquefaction      Hex/Erth       0%         N/A       100%        4
 Manifold Assault         Tloc           0%         N/A       100%        4
 Olgreb's Toxic Radiance  Pois           0%         N/A       100%        4
 Sticky Flame             Conj/Fire      0%         2d3       100%        4
 Agony                    Necr           0%         N/A       100%        5
 Blade Hands              Tmut           0%         N/A       100%        5
 Lee's Rapid Deconstruct  Erth           0%         3d5*      100%        5
 Death Channel            Necr           0%         N/A       100%        6
 Statue Form              Tmut/Erth      0%         N/A       100%        6
 Haunt                    Necr/Summ      0%         N/A       100%        7
 Storm Form               Tmut/Air       0%         N/A       100%        7
 Summon Hydra             Summ           0%         N/A       100%        7
 Lehudib's Crystal Spear  Conj/Erth      0%         10d2      100%        8

Inventory:

Hand Weapons
 a - a +6 spectral rapier (weapon) {short}
 b - a +1 rapier of speed {short}
   (You bought it in a shop on level 2 of the Orcish Mines)
Armour
 p - a +1 pair of gloves of hurling (worn)
   (You bought it in a shop on level 1 of the Elven Halls)
 w - a +2 kite shield
   (You took it off a gnoll sergeant on level 8 of the Dungeon)
 x - a +2 buckler (worn)
   (You took it off a deep elf knight on level 1 of the Elven Halls)
 z - a +0 pair of boots of stealth (worn)
   (You bought it in a shop on level 1 of the Elven Halls)
 A - a +0 cloak (worn)
   (You took it off Crazy Yiuf on level 6 of the Dungeon)
 D - the +2 ring mail of Upsu (worn) {rElec Dex+3}
   (You bought it in a shop on level 2 of the Orcish Mines)

   Dex:       It affects your dexterity (+3).
   rElec:     It insulates you from electricity.
 S - the +0 helmet "Kapno" (worn) {rF+ rC+ Str+6}
   (You found it on level 5 of the Dungeon)

   Str:       It affects your strength (+6).
   rF:        It protects you from fire.
   rC:        It protects you from cold.
Jewellery
 d - the ring "Nutan" {rPois rF+ rCorr Stlth-}
   (You found it on level 5 of the Lair of Beasts)

   [ring of protection from fire]

   rF:        It protects you from fire.
   rPois:     It protects you from poison.
   rCorr:     It protects you from acid and corrosion.
   Stlth:     It makes you less stealthy.
 n - a +4 ring of slaying (left hand)
   (You found it on level 4 of the Dungeon)
 y - a ring of ice
   (You found it on level 7 of the Dungeon)
 E - an amulet of guardian spirit (around neck)
   (You found it on level 3 of the Dungeon)
 I - a +6 ring of dexterity (right hand)
   (You bought it in a shop on level 3 of the Dungeon)
 L - a ring of positive energy
   (You found it in an ossuary)
 N - the ring of Bouskisoan {Fire rElec Int+2}
   (You found it on level 3 of the Lair of Beasts)

   [ring of fire]

   It enhances your fire magic.
   Int:       It affects your intelligence (+2).
   rF:        It protects you from fire.
   rC:        It makes you vulnerable to cold.
   rElec:     It insulates you from electricity.
 U - a +4 ring of protection
   (You found it on level 12 of the Dungeon)
 V - a ring of flight
   (You found it on level 1 of the Lair of Beasts)
 X - a ring of magical power
   (You found it on level 2 of the Lair of Beasts)
Wands
 k - a wand of polymorph (4)
   (You found it on level 8 of the Dungeon)
 o - a wand of flame (73)
   (You found it on level 4 of the Dungeon)
 J - a wand of roots (13)
   (You found it on level 10 of the Dungeon)
 T - a wand of paralysis (50)
   (You found it on level 5 of the Dungeon)
 W - a wand of mindburst (1)
   (You found it on level 4 of the Lair of Beasts)
 Z - a wand of acid (20)
   (You found it on level 10 of the Dungeon)
Scrolls
 f - 2 scrolls of silence {!r}
 i - 3 scrolls of magic mapping {!r}
 r - 16 scrolls of identify {@r1}
 s - 9 scrolls of teleportation {@r4}
 C - 2 scrolls of fog
 K - 3 scrolls of fear
 P - 4 scrolls of immolation {!r!r}
 Q - 8 scrolls of poison {!r}
 R - 4 scrolls of vulnerability {!r!r}
Potions
 c - 4 potions of resistance
 g - 4 potions of ambrosia
 h - 4 potions of berserk rage {!q}
 l - 4 potions of magic
 m - 4 potions of heal wounds {@q2}
 q - 4 potions of attraction {!q}
 t - 8 potions of haste {@q3}
 u - a potion of invisibility
 v - 7 potions of might
 B - 9 potions of brilliance
 F - 11 potions of curing {@q1}
 H - 4 potions of mutation {!q}
 M - 2 potions of flight
 O - 3 potions of lignification {!q}
 Y - 2 potions of cancellation
Miscellaneous
 e - a condenser vane
   (You found it on level 5 of the Lair of Beasts)
 j - a phial of floods
   (You found it on level 5 of the Lair of Beasts)
 G - a tin of tremorstones (2/2) {throwing}
   (You found it on level 4 of the Lair of Beasts)

Dungeon Overview and Level Annotations

Branches:
Dungeon (15/15) Zot: 25968  Temple (0/1) D:7            Lair (5/5) D:10 Zot: 23960
 Shoals (0/4) Lair:2        Snake (0/4) Lair:3        Slime (0/5) Lair:5
    Orc (2/2) D:10 Zot: 10414     Elf (1/3) Orc:2 Zot: 5145  Vaults (0/5) D:13
 Depths (0/4) D:15        Ossuary (visited)

Altars:
Ashenzari
Cheibriados
Dithmenos
Elyvilon
Qazlal
Sif Muna
Trog
Uskayaw
Wu Jian
Zin
Jiyva

Shops:
D:3 =   D:7 *   Orc:2 :*[(   Elf:1 ::![

Portals:
Abyss: Lair:2

Annotations:
D:6 3 runed translucent doors, Darkkill's ghost, novice HuHu
D:9 3 runed translucent doors, clovenhoof's ghost, novice DrVM

.....
##....)∩)....###..#
###.....)...## #..#
#.##..))[).## #..#
#..##.....######..#
#...###.###.......#
###.................#
.....#'###..###'##..#
...e.### #### #######
+##e@+ #§.# #.§.
#§..+ #ee##


You could see a deep elf sorcerer (fast, empowered), a deep elf archer
(empowered, repels missiles), a deep elf pyromancer (empowered) and a deep elf
zephyrmancer (empowered).


Message History

A deep elf zephyrmancer comes into view.
It is wielding a +0 short sword.
The deep elf zephyrmancer gestures wildly while chanting.
The deep elf zephyrmancer blinks!
The deep elf pyromancer hits you with a +0 long sword.
The deep elf zephyrmancer moves out of view.
You hear a shout!
You barely miss the deep elf pyromancer.
Your +6 spectral rapier {short} barely misses the deep elf pyromancer.
A deep elf high priest comes into view. It is wielding a +0 long sword.
A deep elf archer comes into view. It is wielding a +0 short sword.
The deep elf sorcerer gestures wildly while chanting.
The deep elf sorcerer seems to speed up.
The deep elf archer unwields a +0 dagger.
The deep elf archer wields a +0 longbow.
The deep elf archer shoots an arrow.
The arrow closely misses you.
You hit the deep elf pyromancer.
Your +6 spectral rapier {short} barely misses the deep elf pyromancer.
You hit the deep elf pyromancer but do no damage.
Your +6 spectral rapier {short} hits the deep elf pyromancer.
The deep elf pyromancer gestures wildly while chanting.
Send 'em back where they came from!
Your +6 spectral rapier {short} fades away.
The deep elf archer unwields a +0 short sword.
The deep elf archer wields a +0 longbow.
The deep elf archer shoots an arrow.
You block the arrow.
The deep elf high priest prays to its god.
The deep elf high priest begins emitting a brilliant aura!
The deep elf archer is empowered by the deep elf high priest's aura!
The deep elf pyromancer is empowered by the deep elf high priest's aura!
The deep elf sorcerer is empowered by the deep elf high priest's aura!
The deep elf archer is empowered by the deep elf high priest's aura!
You hit the deep elf pyromancer but do no damage.
Your +6 spectral rapier {short} hits the deep elf pyromancer.
The deep elf archer casts a spell.
The deep elf archer blinks!
The deep elf sorcerer hits your +6 spectral rapier {short} with a +0 long sword!
Your spectral weapon shares its damage with you!
You puncture the deep elf pyromancer!
Your +6 spectral rapier {short} barely misses the deep elf pyromancer.
The deep elf sorcerer gestures at you while chanting.
The bolt of acid hits you!!!
The deep elf pyromancer casts a spell at you.
The sticky flame hits you. You resist.
You are covered in liquid flames!
You are too injured to fight recklessly!
You are too injured to fight recklessly!
You are too injured to fight recklessly!
Unknown command.
Unknown command.
You hit the deep elf pyromancer.
Your +6 spectral rapier {short} hits the deep elf pyromancer!
You are covered in liquid flames!
The deep elf archer shoots an arrow.
The arrow hits your +6 spectral rapier {short}!
Your spectral weapon shares its damage with you!
Unknown command.
You are covered in liquid flames!
You block the deep elf sorcerer's attack.
You block the deep elf pyromancer's attack.
The deep elf zephyrmancer mumbles some strange words.
The deep elf zephyrmancer blinks!
The deep elf archer shoots an arrow.
The arrow completely misses you.
The deep elf archer shoots an arrow.
The arrow closely misses you.
Unknown command.
Unknown command.
You completely miss the deep elf high priest.
Your +6 spectral rapier {short} hits the deep elf high priest.
You are covered in liquid flames!
You are no longer on fire.
The deep elf sorcerer mumbles some strange words.
You feel troubled. The deep elf sorcerer misses you.
The deep elf high priest intones a terrible prayer.
The deep elf high priest completely misses you.
You block the deep elf pyromancer's attack.
The deep elf archer gestures wildly while chanting.
The deep elf archer blinks!
The deep elf archer shoots an arrow.
The arrow hits your +6 spectral rapier {short}!!
Your spectral weapon shares its damage with you!
* * * LOW HITPOINT WARNING * * *
Unknown command.
You puncture the deep elf high priest!
Your +6 spectral rapier {short} hits the deep elf high priest!
The deep elf sorcerer hits you with a +0 long sword.
* * * LOW HITPOINT WARNING * * *
You can now pass through a line of other dancers.
Unknown command.
You strike the helpless deep elf high priest from behind!
You skewer the deep elf high priest like a kebab!!!!
You kill the deep elf high priest!
The deep elf pyromancer points at you and mumbles some strange words.
The sticky flame misses you.
The deep elf archer casts a spell at you.
You are confused.
The deep elf sorcerer hits you but does no damage.
Unknown command.
You're too confused to move!
The deep elf sorcerer casts a spell at you.
The bolt of acid hits you!!!
You die...

Skill      XL: |  1  2  3  4  5  6  7  8  9 10 11 12 13 14 15 16 |
---------------+-------------------------------------------------+-----
Short Blades   | 5 6 7 8 10 11 14 | 14.0
Stealth        | 4 6 9 12 15 16 19 22 23 | 23.0
Fighting       | 3 4 6 7 8 9 12 | 12.6
Dodging        | 5 7 9 11 12 13 15 | 15.8
Invocations    | 2 7 9 10 | 10.0
Shields        | 2 3 5 7 |  7.0
Armour         | 2 3 5 6 |  6.0
Throwing       | |  2.1

Action                   |  1- 3 |  4- 6 |  7- 9 | 10-12 | 13-15 | 16-18 || total
-------------------------+-------+-------+-------+-------+-------+-------++-------
Melee: Rapier            |    44 |       |       |       |   526 |   359 ||   929
       Dagger            |    61 |    80 |   364 |   496 |   108 |       ||  1109
       Punch             |     2 |       |       |       |       |       ||     2
Throw: Boomerang         |       |       |       |     9 |       |       ||     9
Invok: Line Pass         |       |       |       |     7 |     1 |     1 ||     9
       Grand Finale      |       |       |       |       |     2 |     1 ||     3
  Use: Scroll            |       |    11 |     8 |    11 |     8 |     2 ||    40
       Potion            |       |       |     2 |     1 |     3 |     2 ||     8
 Stab: Sleeping          |     8 |     6 |    20 |    46 |    93 |    46 ||   219
       Held in net/web   |       |       |     1 |       |       |       ||     1
       Paralysed         |       |       |       |    32 |    46 |    26 ||   104
       Confused          |       |       |       |     5 |       |     1 ||     6
       Distracted        |       |       |       |     1 |    18 |    15 ||    34
       Invisible         |       |       |       |       |     3 |       ||     3
Armor: Leather armour    |    11 |    11 |    42 |    28 |       |       ||    92
       Troll leather arm |       |       |       |    15 |    35 |    18 ||    68
       Acid dragon scale |       |       |       |     1 |       |       ||     1
       Ring mail         |       |       |       |       |       |     2 ||     2
Dodge: Dodged            |    64 |    34 |   163 |   265 |   333 |   184 ||  1043
Block: Buckler           |       |    16 |    51 |    91 |   123 |    95 ||   376
       Reflection        |       |       |       |     1 |     4 |    10 ||    15

Levels and vault maps discovered:
D:1:      lightli_arrival_statue_moat, layout_loops_corners
D:2:      layout_rooms, hangedman_feature_mirror
D:3:      layout_basic, slow_altar_2, mainiacjoe_overflow_paths,
          lemuel_doored_altar, serial_shops, nicolae_shop_stone, chequers_avenue
D:4:      old_forge, layout_basic, nicolae_shop_clearance
D:5:      layout_basic, pdpol_wu_jian_five_deadly_venoms,
          mainiacjoe_overflow_six_doors_small, nicolae_ossuary_entry_monument
D:6:      layout_loops_ring, ebering_ghost_rock_garden,
          small_statue_intersection, grunt_potential, uniq_crazy_yiuf_cottage,
          uniq_menkaure, uniq_prince_ribbit1
D:7:      layout_loops_ring, zin_purify,
          nicolae_uskayaw_murder_on_the_dancefloor,
          minmay_temple_entry_glassed_door, minivault_24
D:8:      layout_loops_ring, mainiacjoe_overflow_alcove_4, st_stairs_4,
          dreamdust_princess_bridge, uniq_psyche
D:9:      layout_basic, mainiacjoe_overflow_surrounded_room,
          gammafunk_ghost_split
D:10:     layout_roguey, tgw_sif, grunt_lair_entry_orc_guard_hut,
          hiddenorc2_lemuel, serial_curves, eino_curves_04, eino_curves_02,
          nzn_sisyphean_effort
D:11:     layout_loops_cross, nicolae_elevator_lobby_asterisk
D:12:     layout_basic, uniq_lodul
D:13:     kennysheep_big_flooded_room, layout_basic,
          skrybe_vaults_entry_preservation, uniq_azrael
D:14:     layout_cave_pools, gauntlet_entry_generic, nicolae_figureground_pulse,
          minivault_27, uniq_agnes
D:15:     grunt_enter_depths_snipers, layout_cross, nicolae_cairo_tiling_large,
          uniq_kirke
Lair:1:   layout_regular_city, chequers_serial_rivers_micro_d
Lair:2:   layout_small_grid, elwin_shoals_entry_rocks,
          gammafunk_ghost_abyssal_escape, eino_house_with_fridge,
          lemuel_fruit_fields
Lair:3:   layout_roguey, minmay_snake_entry_guardpost_medium,
          bobbens_dragon_lair_wall, lemuel_fruit_tree
Lair:4:   nzn_winding_woodlands_stair_trap
          [nzn_winding_woodlands_5x15_split_checker,
          nzn_winding_woodlands_5x15_garden,
          nzn_winding_woodlands_5x15_longhouse,
          nzn_winding_woodlands_15x15_eel_pit,
          nzn_winding_woodlands_5x15_parted, nzn_winding_woodlands_5x15_default,
          nzn_winding_woodlands_5x15_sidewinder], layout_gridlike,
          serial_bayou_ford_a, uniq_nessos
Lair:5:   evilmike_catoblepas_cave, layout_layer_cave, slime_entry_2
Orc:1:    layout_diamond_mine, gammafunk_ghost_necromancy
Orc:2:    st_orc_congregation, layout_diamond_mine
Elf:1:    elf_arrival_002, layout_onion_city,
          portal_ice_cave_entry_horrid_things, orc_legates, minmay_shoptagon

Notes
Turn   | Place    | Note
-------+----------+-------------------------------------------
     0 | D:1      | Sobieck the Kobold Gladiator began the quest for the Orb.
     0 | D:1      | Reached XP level 1. HP: 12/12 MP: 1/1
   114 | D:1      | Reached XP level 2. HP: 15/17 MP: 2/2
   180 | D:1      | Reached skill level 5 in Short Blades
   336 | D:1      | Reached XP level 3. HP: 21/21 MP: 3/3
   351 | D:1      | You pick up a book of Callings and begin reading...
   351 | D:1      | You add the spells Summon Small Mammal, Call Canine
                  | Familiar and Summon Guardian Golem to your library.
  1471 | D:2      | Reached skill level 6 in Short Blades
  1471 | D:2      | Reached XP level 4. HP: 26/26 MP: 4/4
  1795 | D:3      | Found a shadowy altar of Dithmenos.
  1886 | D:3      | Found Xaodexzu's Jewellery Emporium.
  1957 | D:3      | You pick up a book of Geomancy and begin reading...
  1957 | D:3      | You add the spells Sandblast, Passwall and Stone Arrow to
                  | your library.
  2251 | D:3      | Found a broken altar of Ashenzari.
  2388 | D:3      | Found a snail-covered altar of Cheibriados.
  2397 | D:3      | Reached skill level 7 in Short Blades
  2397 | D:3      | Reached XP level 5. HP: 30/30 MP: 5/5
  2633 | D:3      | Reached skill level 1 in Stealth
  2694 | D:4      | Reached skill level 2 in Stealth
  2853 | D:4      | Reached skill level 3 in Stealth
  3022 | D:4      | Found Jaigguol's CLEARANCE SALE!.
  3028 | D:4      | You pick up a book of Blood and begin reading...
  3028 | D:4      | You add the spells Sublimation of Blood, Wereblood and
                  | Summon Hydra to your library.
  3078 | D:4      | Reached skill level 4 in Stealth
  3085 | D:4      | Reached XP level 6. HP: 31/35 MP: 4/6
  3088 | D:4      | Reached skill level 5 in Stealth
  3160 | D:4      | Reached skill level 6 in Stealth
  3165 | D:4      | Reached skill level 3 in Fighting
  3169 | D:4      | Reached XP level 7. HP: 27/42 MP: 7/7
  3314 | D:4      | Reached skill level 4 in Fighting
  3320 | D:4      | Reached skill level 4 in Dodging
  3384 | D:4      | HP: 9/43 [acid (4)]
  3391 | D:4      | HP: 9/43 [adder (1)]
  3536 | D:4      | I - a -1 eveningstar of pain {macerare=g}
  3566 | D:4      | Reached skill level 8 in Short Blades
  3566 | D:4      | Reached skill level 5 in Dodging
  3568 | D:4      | Reached XP level 8. HP: 48/48 MP: 8/8
  3762 | D:5      | Entered Level 5 of the Dungeon
  3836 | D:5      | Found a sand-covered staircase.
  3844 | Ossuary  | Entered an ossuary
  3850 | Ossuary  | Reached skill level 6 in Dodging
  3903 | Ossuary  | Reached skill level 9 in Short Blades
  3994 | Ossuary  | Reached skill level 7 in Dodging
  4043 | Ossuary  | Reached skill level 10 in Short Blades
  4071 | Ossuary  | Reached XP level 9. HP: 49/52 MP: 9/9
  4162 | Ossuary  | Reached skill level 7 in Stealth
  4251 | Ossuary  | Reached skill level 5 in Fighting
  4298 | Ossuary  | Reached skill level 8 in Dodging
  4598 | D:5      | You pick up a book of Frost and begin reading...
  4598 | D:5      | You add the spells Freeze, Frozen Ramparts and Hailstorm to
                  | your library.
  4822 | D:5      | Identified the +6 spear "Afiacoz" {antimagic, rN+ Int+7
                  | Dex-3}
  5020 | D:5      | Found a white marble altar of Elyvilon.
  5024 | D:5      | Reached skill level 8 in Stealth
  5216 | D:5      | Identified the +0 helmet "Kapno" {rF+ rC+ Str+6}
  5437 | D:5      | Found an ornate altar of the Wu Jian Council.
  5570 | D:6      | You pick up a book of Weapons and begin reading...
  5570 | D:6      | You add the spells Tukima's Dance, Portal Projectile and
                  | Blade Hands to your library.
  5697 | D:6      | Noticed Menkaure
  5708 | D:6      | Killed Menkaure
  5709 | D:6      | Reached skill level 6 in Fighting
  5813 | D:6      | You fall into a shaft and drop 3 floors!
  5973 | D:9      | Found a runed translucent gate.
  6169 | D:8      | Reached skill level 9 in Stealth
  6264 | D:8      | Found a stormy altar of Qazlal.
  6356 | D:8      | Reached skill level 9 in Dodging
  6356 | D:8      | Reached XP level 10. HP: 61/61 MP: 10/10
  6377 | D:8      | Reached skill level 7 in Fighting
  6380 | D:8      | Reached skill level 10 in Stealth
  6544 | D:8      | Noticed Psyche
  6548 | D:8      | Killed Psyche
  6549 | D:8      | Reached skill level 10 in Dodging
  6561 | D:7      | Found a hide-covered altar of Uskayaw.
  6566 | D:7      | Became a worshipper of Uskayaw the Reveller
  6622 | D:7      | Reached * piety under Uskayaw
  6628 | D:7      | Reached ** piety under Uskayaw
  6905 | D:6      | Reached *** piety under Uskayaw
  7124 | D:6      | You pick up a book of Frost and begin reading...
  7152 | D:6      | Reached skill level 11 in Stealth
  7160 | D:6      | Found a runed translucent door.
  7163 | D:6      | Noticed Crazy Yiuf
  7220 | D:6      | Noticed Prince Ribbit
  7223 | D:6      | Reached **** piety under Uskayaw
  7228 | D:6      | Killed Prince Ribbit
  7247 | D:6      | Reached ***** piety under Uskayaw
  7258 | D:6      | Reached skill level 11 in Dodging
  7260 | D:6      | Reached ****** piety under Uskayaw
  7342 | D:6      | Reached skill level 1 in Invocations
  7350 | D:6      | Reached skill level 12 in Stealth
  7387 | D:6      | You add the spells Sting, Poisonous Vapours and Olgreb's
                  | Toxic Radiance to your library.
  7424 | D:6      | Reached skill level 2 in Invocations
  7484 | D:6      | Found a runed translucent gate.
  7484 | D:6      | Found a runed translucent gate.
  7484 | D:6      | Found a runed translucent gate.
  7486 | D:6      | Noticed Darkkill's ghost (novice HuHu)
  7608 | D:6      | You pick up a book of Frost and begin reading...
  7828 | D:7      | Found a staircase to the Ecumenical Temple.
  7910 | D:7      | Reached XP level 11. HP: 53/65 MP: 8/13
  7999 | D:7      | Reached skill level 3 in Invocations
  8521 | D:7      | Found Zin's Purification Station.
  8526 | D:7      | Found a glowing silver altar of Zin.
  8741 | D:8      | You pick up a book of Necromancy and begin reading...
  8741 | D:8      | You add the spells Necrotise, Vampiric Draining and Agony
                  | to your library.
  8868 | D:8      | Reached skill level 4 in Invocations
  8888 | D:8      | Reached skill level 13 in Stealth
  8900 | D:8      | Reached skill level 5 in Invocations
  9055 | D:9      | Noticed a two-headed ogre
  9059 | D:9      | Killed a two-headed ogre
  9060 | D:9      | Reached skill level 14 in Stealth
  9060 | D:9      | Reached skill level 6 in Invocations
  9209 | D:9      | Found a runed translucent gate.
  9209 | D:9      | Found a runed translucent gate.
  9210 | D:9      | Noticed a brown ugly thing
  9236 | D:9      | Found a bloodstained altar of Trog.
 10067 | D:9      | Noticed a two-headed ogre
 10071 | D:9      | Killed a two-headed ogre
 10160 | D:9      | Noticed clovenhoof's ghost (novice DrVM)
 10258 | D:10     | Entered Level 10 of the Dungeon
 10389 | D:10     | Noticed a two-headed ogre
 10392 | D:10     | Killed a two-headed ogre
 10393 | D:10     | Reached skill level 7 in Invocations
 10475 | D:10     | Found a staircase to the Orcish Mines.
 10641 | D:10     | Noticed a boulder beetle
 10659 | D:10     | Killed a boulder beetle
 10660 | D:10     | Reached skill level 15 in Stealth
 10734 | D:10     | Noticed a two-headed ogre
 10744 | D:10     | Killed a two-headed ogre
 10745 | D:10     | Reached XP level 12. HP: 47/72 MP: 11/17
 10754 | D:10     | Reached skill level 8 in Invocations
 10930 | D:3      | Bought a +6 ring of dexterity for 432 gold pieces
 10930 | D:3      | You drop a -1 eveningstar of pain {macerare=g}.
 11354 | D:6      | Killed Crazy Yiuf
 11563 | D:10     | Noticed a sun demon
 11861 | D:10     | Found a staircase to the Lair.
 11865 | D:10     | Reached skill level 16 in Stealth
 12054 | D:10     | Found a shimmering blue altar of Sif Muna.
 12438 | D:11     | Noticed a boulder beetle
 12442 | D:11     | Killed a boulder beetle
 12443 | D:11     | Reached skill level 1 in Shields
 12460 | D:11     | You add the spells Kiss of Death, Cigotuvi's Dreadful Rot,
                  | Anguish, Death Channel and Haunt to your library.
 12460 | D:11     | Got the Dissertation on Contamination and Death
 12473 | D:11     | You pick up a book of the Earth and begin reading...
 12473 | D:11     | You add the spells Leda's Liquefaction, Lee's Rapid
                  | Deconstruction and Statue Form to your library.
 12589 | D:11     | Reached skill level 1 in Armour
 12803 | D:11     | Noticed a boulder beetle
 12807 | D:11     | Killed a boulder beetle
 12957 | D:11     | Noticed a centaur warrior
 12976 | D:11     | Killed a centaur warrior
 12977 | D:11     | Reached skill level 2 in Shields
 13000 | D:11     | Reached skill level 2 in Armour
 13337 | Lair:1   | Entered Level 1 of the Lair of Beasts
 13425 | Lair:1   | Reached skill level 8 in Fighting
 13722 | Lair:1   | You pick up a book of Flames and begin reading...
 13722 | Lair:1   | You add the spells Inner Flame, Sticky Flame and Flame Wave
                  | to your library.
 14004 | Lair:1   | Reached skill level 9 in Invocations
 14004 | Lair:1   | Reached XP level 13. HP: 78/78 MP: 19/19
 14078 | Lair:1   | Reached skill level 3 in Shields
 14118 | Lair:1   | Reached skill level 3 in Armour
 14218 | Lair:1   | Reached skill level 12 in Dodging
 14378 | Lair:2   | Reached skill level 17 in Stealth
 14389 | Lair:2   | Found a staircase to the Shoals.
 14397 | Lair:2   | Noticed a six-headed hydra
 14401 | Lair:2   | Killed a six-headed hydra
 14451 | Lair:2   | Noticed a six-headed hydra
 14458 | Lair:2   | Killed a six-headed hydra
 14469 | Lair:2   | Reached skill level 10 in Invocations
 14657 | Lair:2   | Reached skill level 18 in Stealth
 14887 | Lair:2   | Found a transporter.
 15045 | Lair:2   | Found a transporter.
 15118 | Lair:2   | Noticed Ytsiazit's ghost (journeyman DsFi)
 15306 | Lair:2   | Found a one-way gate to the infinite horrors of the Abyss.
 15473 | Lair:2   | Reached skill level 19 in Stealth
 15498 | Lair:2   | Killed Ytsiazit's ghost
 15577 | Lair:2   | You add the spells Blink, Manifold Assault and Storm Form
                  | to your library.
 15832 | Lair:3   | Reached skill level 11 in Short Blades
 16020 | Lair:3   | Identified the ring of Bouskisoan {Fire rElec Int+2}
 16182 | Lair:3   | Reached XP level 14. HP: 69/84 MP: 15/21
 16304 | Lair:3   | Reached skill level 12 in Short Blades
 16390 | Lair:3   | Found a staircase to the Snake Pit.
 16794 | Lair:4   | Reached skill level 13 in Short Blades
 16969 | Lair:4   | Reached skill level 14 in Short Blades
 17134 | Lair:4   | Noticed Nessos
 17139 | Lair:4   | Killed Nessos
 17140 | Lair:4   | Reached skill level 20 in Stealth
 17942 | Lair:5   | Entered Level 5 of the Lair of Beasts
 17993 | Lair:5   | Reached skill level 21 in Stealth
 18362 | Lair:5   | Reached skill level 22 in Stealth
 18443 | Lair:5   | Identified the ring "Nutan" {rPois rF+ rCorr Stlth-}
 18534 | Lair:5   | Reached XP level 15. HP: 88/88 MP: 22/22
 18579 | Lair:5   | Reached skill level 23 in Stealth
 18928 | Lair:5   | Found a runed translucent door.
 18929 | Lair:5   | Found a viscous altar of Jiyva.
 18931 | Lair:5   | Found a staircase to the Slime Pits.
 19618 | D:12     | Reached skill level 4 in Armour
 19623 | D:12     | Reached skill level 4 in Shields
 19802 | D:12     | Noticed Lodul
 19816 | D:12     | Killed Lodul
 19817 | D:12     | Reached skill level 9 in Fighting
 20260 | D:12     | You pick up a book of Cantrips and begin reading...
 20897 | D:13     | Reached skill level 13 in Dodging
 20907 | D:13     | Noticed Azrael
 20925 | D:13     | Killed Azrael
 21189 | D:13     | Reached skill level 5 in Armour
 21189 | D:13     | Reached skill level 5 in Shields
 21236 | D:13     | Noticed an ironbound preserver
 21241 | D:13     | Found a gate to the Vaults.
 21247 | D:13     | Killed an ironbound preserver
 21843 | D:14     | Reached XP level 16. HP: 97/97 MP: 23/23
 21934 | D:14     | Reached skill level 10 in Fighting
 22150 | D:14     | Noticed Agnes
 22154 | D:14     | Killed Agnes
 22299 | D:14     | You pick up a book of Armaments and begin reading...
 22299 | D:14     | You add the spells Animate Armour and Lehudib's Crystal
                  | Spear to your library.
 22605 | D:15     | Entered Level 15 of the Dungeon
 22630 | D:15     | Noticed Kirke
 22642 | D:15     | Killed Kirke
 22721 | D:15     | Reached skill level 6 in Shields
 22757 | D:15     | Reached skill level 6 in Armour
 22772 | D:15     | Reached skill level 14 in Dodging
 23192 | D:15     | Reached skill level 11 in Fighting
 23366 | D:15     | Found a staircase to the Depths.
 23656 | Orc:1    | Entered Level 1 of the Orcish Mines
 24150 | Orc:2    | Entered Level 2 of the Orcish Mines
 24543 | Orc:2    | Reached skill level 7 in Shields
 24546 | Orc:2    | Identified a +0 robe of the Archmagi
 24785 | Orc:2    | Found a staircase to the Elven Halls.
 24794 | Orc:2    | Reached skill level 15 in Dodging
 25081 | Orc:2    | Found Ulerph's General Store.
 25081 | Orc:2    | Found Pasonuc's Book Shoppe.
 25090 | Orc:2    | Found Fueriecvusch's Antique Armour Shoppe.
 25091 | Orc:2    | Found Kuvinuq's Antique Weapon Emporium.
 25096 | Orc:2    | Bought a glowing rapier for 175 gold pieces
 25096 | Orc:2    | Bought a polished arbalest for 237 gold pieces
 25096 | Orc:2    | Identified the +10 arbalest of Big Damage {flame, Int+3
                  | Dex+2} (You bought it in a shop on level 2 of the Orcish
                  | Mines)
 25279 | Orc:2    | Bought a transparent robe for 108 gold pieces
 25279 | Orc:2    | Identified the +1 robe of Immorality {MP+9 Int+2 Dex+4}
                  | (You bought it in a shop on level 2 of the Orcish Mines)
 25279 | Orc:2    | Bought a spiked ring mail for 171 gold pieces
 25279 | Orc:2    | Identified the +2 ring mail of Upsu {rElec Dex+3} (You
                  | bought it in a shop on level 2 of the Orcish Mines)
 25334 | Elf:1    | Entered Level 1 of the Elven Halls
 25369 | Elf:1    | Reached skill level 12 in Fighting
 25476 | Elf:1    | Reached XP level 17. HP: 106/106 MP: 24/24
 25551 | Elf:1    | Found Wuinnaq's Book Emporium.
 25554 | Elf:1    | Found Fubut's Distillery.
 25554 | Elf:1    | Found Heacheag's Book Emporium.
 25558 | Elf:1    | Found Bughag's Antique Armour Shoppe.
 25886 | Elf:1    | Bought a pair of glowing boots for 232 gold pieces
 25886 | Elf:1    | Bought a pair of glowing gloves for 232 gold pieces
 25911 | Elf:1    | Bought a pair of runed gloves for 232 gold pieces
 26212 | Elf:1    | Killed from afar by a deep elf sorcerer

Vanquished Creatures
  Agnes (D:14)
  Kirke (D:15)
  An orc warlord (Orc:2)
  A stone giant (D:15)
  An ironbound preserver (D:13)
  Nessos (Lair:4)
  Azrael (D:13)
  A deep elf high priest (Elf:1)
  4 catoblepae
  The ghost of Ytsiazit the Cleaver, a journeyman DsFi of Cheibriados (Lair:2)
  6 hydras
  5 boulder beetles
  8 centaur warriors
  4 two-headed ogres
  6 dancing weapons (Elf:1)
  9 death yaks (Lair:5)
  3 tengu warriors
  A hell hog (Lair:2)
  4 orc high priests (Orc:2)
  2 deep elf knights (Elf:1)
  Lodul (D:12)
  5 skeletal warriors (D:15)
  A necromancer (Lair:2)
  6 deep elf pyromancers
  3 orc sorcerers (Orc:2)
  7 deep elf zephyrmancers (Elf:1)
  A wizard (D:14)
  4 manticores
  3 orc knights (Orc:2)
  2 salamanders (shapeshifter) (D:15)
  6 ugly things
  6 cyclopes
  7 elephants
  3 black mambas
  2 torpor snails
  7 cane toads
  A gargoyle (D:13)
  Psyche (D:8)
  3 unseen horrors
  4 kobold demonologists
  12 rime drakes
  2 freezing wraiths (D:15)
  An efreet (D:13)
  11 komodo dragons
  A yaktaur (D:13)
  5 trolls
  A polar bear (shapeshifter) (Elf:1)
  Prince Ribbit (D:6)
  5 polar bears
  28 blink frogs
  5 dream sheep (Lair:5)
  35 slime creatures
  A spriggan (Lair:2)
  A vampire (D:9)
  4 fire elementals
  4 wraiths
  5 wyverns
  50 yaks
  7 steam dragons (Lair:3)
  5 vampire mosquitoes
  2 basilisks (Lair:5)
  Menkaure (D:6)
  2 acid dragons
  6 nagas (Lair:3)
  16 water moccasins
  3 hell hounds (D:13)
  An ice beast (D:7)
  30 orc warriors
  A sky beast (D:8)
  3 black bears
  19 ogres
  A wolf (shapeshifter) (Lair:2)
  17 wolves
  6 centaurs
  A phantom (D:6)
  2 kobold brigands (D:10)
  14 bullfrogs
  A gnoll sergeant (D:8)
  2 wyvern zombies (Ossuary)
  2 necrophages (D:7)
  An earth elemental (Elf:1)
  11 scorpions
  5 water moccasin zombies (Ossuary)
  3 wights (D:6)
  8 killer bees
  5 howler monkeys
  2 electric eels (Lair:4)
  8 jellies
  4 bullfrog zombies (Ossuary)
  5 centaur zombies (Ossuary)
  5 hounds
  22 orc priests
  A gnoll bouda (D:6)
  An iguana (D:5)
  An iron imp (D:3)
  11 mummies (Ossuary)
  Crazy Yiuf (D:6)
  6 hell rats (Lair:4)
  30 orc wizards
  2 polar bear simulacra (Lair:2)
  5 yak simulacra (Lair:2)
  A wolf simulacrum (Lair:2)
  5 killer bee zombies (Ossuary)
  3 howler monkey zombies (Ossuary)
  11 gnolls
  10 adders
  A white imp (D:6)
  3 ufetubi
  2 worms
  A dart slug (D:4)
  95 orcs
  4 ball pythons
  11 bats
  7 endoplasms
  2 giant cockroaches
  6 goblins
  3 hobgoblins (D:1)
  4 jackals (D:1)
  4 quokkas
  3 frilled lizards
  10 kobolds
  4 rats
  3 river rat simulacra (Lair:2)
  A lurking horror (Lair:2)
779 creatures vanquished.

Vanquished Creatures (others)
  2 humans (D:15)
  An orc warrior (Orc:2)
  An orc priest (Orc:2)
  36 fungi
  48 plants
  A withered plant (Ossuary)
89 creatures vanquished.

Grand Total: 868 creatures vanquished

Table legend:
 A = Non-vault XP
 B = Vault XP
 C = Vault XP percentage of total XP
 D = Non-vault monster count
 E = Vault monster count
 F = Vault count percentage of total count
                 A         B        C        D         E       F
            +---------+---------+-------+---------+---------+-------
      Total |  102845 |   59919 |  36.8 |     473 |     307 |  39.4
            +---------+---------+-------+---------+---------+-------
        D:1 |      48 |       0 |   0.0 |      28 |       0 |   0.0
        D:2 |      42 |       0 |   0.0 |      10 |       0 |   0.0
        D:3 |      40 |      39 |  49.4 |      10 |       1 |   9.1
        D:4 |     475 |     566 |  54.4 |      17 |      15 |  46.9
        D:5 |     419 |       0 |   0.0 |       8 |       0 |   0.0
        D:6 |     807 |    1416 |  63.7 |      13 |      18 |  58.1
        D:7 |    1385 |       0 |   0.0 |      26 |       0 |   0.0
        D:8 |    2995 |     641 |  17.6 |      32 |       3 |   8.6
        D:9 |    2047 |       0 |   0.0 |       7 |       0 |   0.0
       D:10 |    3387 |    1896 |  35.9 |      16 |      39 |  70.9
       D:11 |    5800 |       0 |   0.0 |      25 |       0 |   0.0
       D:12 |    7546 |    1825 |  19.5 |      28 |      10 |  26.3
       D:13 |    4714 |    8526 |  64.4 |      14 |      18 |  56.2
       D:14 |   10694 |    1506 |  12.3 |      27 |       1 |   3.6
       D:15 |   10690 |    4090 |  27.7 |      20 |       4 |  16.7
     Lair:1 |    5224 |       0 |   0.0 |      21 |       0 |   0.0
     Lair:2 |    6199 |    3995 |  39.2 |      19 |      18 |  48.6
     Lair:3 |    4301 |    5121 |  54.4 |      20 |      21 |  51.2
     Lair:4 |    5676 |    3812 |  40.2 |      26 |      12 |  31.6
     Lair:5 |   15594 |   11716 |  42.9 |      53 |      28 |  34.6
      Orc:1 |     650 |       0 |   0.0 |      14 |       0 |   0.0
      Orc:2 |    1413 |   11543 |  89.1 |      19 |      81 |  81.0
      Elf:1 |   12699 |    1795 |  12.4 |      20 |       3 |  13.0
    Ossuary |       0 |    1432 | 100.0 |       0 |      35 | 100.0
            +---------+---------+-------+---------+---------+-------

Illustrated notes

Table legend:
 A = Kills in this place as a percentage of kills in entire the game.
 B = Kills by you in this place as a percentage of kills by you in the entire game.
 C = Kills by friends in this place as a percentage of kills by friends in the entire game.
 D = Other kills in this place as a percentage of other kills in the entire game.
 E = Experience gained in this place as a percentage of experience gained in the entire game.
 F = Experience gained in this place divided by the number of levels of this place that you have seen.
                   A       B       C       D       E      F
               +-------+-------+-------+-------+-------+----------------------
         Total | 100.0 | 100.0 |   N/A | 100.0 | 100.0 | 6781.8
       Dungeon |  50.0 |  50.1 |   N/A |  33.3 |  44.0 | 4772.9
          Lair |  27.9 |  28.1 |   N/A |   0.0 |  37.9 | 12327.6
  Orcish Mines |  14.6 |  14.4 |   N/A |  66.7 |   8.4 | 6803.0
   Elven Halls |   2.9 |   3.0 |   N/A |   0.0 |   8.9 | 14494.0
       Ossuary |   4.5 |   4.5 |   N/A |   0.0 |   0.9 | 1432.0
               +-------+-------+-------+-------+-------+----------------------

Table legend: (Time is in decaauts)
 A = Elapsed time spent in this place.
 B = Non-inter-level travel time spent in this place.
 C = Inter-level travel time spent in this place.
 D = Time resting spent in this place.
 E = Time spent auto-exploring this place.
 F = Levels seen in this place.
 G = Mean time per level.
                   A        B        C        D        E       F      G
               +--------+--------+--------+--------+--------+-----+--------+
         Total |  25420 |  23788 |   1632 |   1822 |  18273 |  24 | 1059.2 |
       Dungeon |  16488 |  15199 |   1289 |   1391 |  11759 |  15 | 1099.2 |
          Lair |   6039 |   5810 |    229 |    158 |   4764 |   5 | 1207.8 |
  Orcish Mines |   1585 |   1503 |     82 |     53 |   1106 |   2 |  792.5 |
   Elven Halls |    853 |    822 |     31 |    142 |    531 |   1 |  853.0 |
       Ossuary |    453 |    453 |      0 |     78 |    113 |   1 |  453.0 |
               +--------+--------+--------+--------+--------+-----+--------+

Top non-repeatable levels by time:
     D:6: 1520 daAuts
  Lair:5: 1481 daAuts
     D:9: 1458 daAuts
    D:10: 1389 daAuts
     D:5: 1285 daAuts
  Lair:4: 1268 daAuts
     D:1: 1238 daAuts
  Lair:2: 1222 daAuts
    D:13: 1152 daAuts
     D:7: 1147 daAuts
   Orc:2: 1098 daAuts
     D:4: 1094 daAuts
  Lair:3: 1065 daAuts
    D:12: 1053 daAuts
     D:8: 1033 daAuts
